 Dungeon Crawl Stone Soup version 0.25-a0-403-g49d089a364 (webtiles) character file.

Game seed: 9323417957053315527, levelgen mode: deterministic

58 ChaosChampion the Skirmisher (level 3, -6/29 HPs)
             Began as a Demonspawn Abyssal Knight on Jan 9, 2020.
             Was a Believer of Lugonu.
             Mangled by a gnoll
             ... wielding a +0 spear
              (9 damage)
             ... on level 2 of the Dungeon.
             The game lasted 00:06:14 (1000 turns).

ChaosChampion the Skirmisher (DsAK)                 Turns: 1000, Time: 00:06:14

Health: -6/29      AC:  7    Str: 13    XL:     3   Next: 75%
Magic:  4/4        EV: 11    Int: 13    God:    Lugonu [**....]
Gold:   68         SH:  0    Dex: 12    Spells: 2/2 levels left

rFire    . . .     SeeInvis .   a - +1 spear
rCold    . . .     Gourm    .   (no shield)
rNeg     . . .     Faith    .   b - +0 leather armour
rPois    .         Spirit   .   i - +0 helmet
rElec    .         Reflect  .   (no cloak)
rCorr    .         Harm     .   (no gloves)
MR       .....                  d - +0 pair of boots
Stlth    +.........             (no amulet)
HPRegen  0.09/turn              (no ring)
MPRegen  0.09/turn              (no ring)

@: no status effects
A: icy blue scales 1, rot immunity
a: Depart the Abyss, Bend Space, Renounce Religion


You were on level 2 of the Dungeon.
You worshipped Lugonu.
Lugonu was pleased with you.
You were not hungry.

You visited 1 branch of the dungeon, and saw 3 of its levels.
You visited the Abyss 1 time.

You collected 68 gold pieces.

Inventory:

Hand Weapons
 a - a +1 spear (weapon)
Armour
 b - a +0 leather armour (worn)
 d - a +0 pair of boots (worn)
 i - a +0 helmet (worn)
Jewellery
 j - a cursed amulet of guardian spirit {unknown}
Scrolls
 e - a scroll of amnesia {unknown}
 f - a scroll of enchant armour {unknown}
 g - a scroll of magic mapping {unknown}
Comestibles
 c - 5 rations


   Skills:
 + Level 3.5 Fighting
 + Level 2.9 Polearms
 + Level 2.1 Armour
 + Level 1.0 Dodging
 + Level 0.2 Stealth
 + Level 2.6 Invocations


You had 2 spell levels left.
You didn't know any spells.
Your spell library was empty.

Dungeon Overview and Level Annotations

Branches:
Dungeon (3/15)

Altars:
The Shining One

Annotations:
D:2 2 transporters, Sigmund


Innate Abilities, Weirdness & Mutations

You are partially covered in icy blue scales. (AC +2)
You are immune to rotting.


Message History

The adder bites you but does no damage.
You climb upwards.
There is a stone staircase leading down here.
The hobgoblin hits you but does no damage.
The adder bites you.
* * * LOW HITPOINT WARNING * * *
There is a shaft here.
Unknown command.
Unknown command.
You fall into a shaft and drop 1 floor!
The shaft crumbles and collapses.
Level annotation: 2 transporters, Sigmund
Found a scroll labeled SUT ULUJUG.
Found an escape hatch in the ceiling.
Found a stone staircase leading up.
The gnoll shouts!
You see here a scroll labeled SUT ULUJUG.
There is an escape hatch in the ceiling here.
You can't go down here!
The gnoll hits you from afar with a +0 spear!
You die...

.# #####
...##...##
.........##
........?.#
.....g.@..#
.#.
..........#
. ...
.........##
. ..
...##...##
.##.###...#.
#####
..w.##.....
....#....#
##.# ..l..#
.>.###g...#


You could see a gnoll.

Vanquished Creatures
  2 gnolls (D:2)
  A dart slug (D:2)
  3 leopard geckos (D:1)
  2 giant cockroaches (D:1)
  2 goblins (D:1)
  4 hobgoblins (D:1)
  7 bats
  3 frilled lizards
  5 kobolds (D:1)
  5 rats (D:1)
34 creatures vanquished.

Notes
Turn   | Place    | Note
-------+----------+-------------------------------------------
     0 | Abyss:1  | ChaosChampion the Demonspawn Abyssal Knight began the quest
                  | for the Orb.
     0 | Abyss:1  | Reached XP level 1. HP: 18/18 MP: 2/2
    19 | D:1      | Escaped the Abyss
    99 | D:1      | Gained mutation: You are immune to rotting. [demonic
                  | ancestry]
    99 | D:1      | Reached XP level 2. HP: 24/24 MP: 3/3
   163 | D:1      | Reached ** piety under Lugonu
   332 | D:1      | Gained mutation: You are partially covered in icy blue
                  | scales. (AC +2) [demonic ancestry]
   332 | D:1      | Reached XP level 3. HP: 27/29 MP: 4/4
   774 | D:2      | Noticed Sigmund
   864 | D:2      | Noticed a centaur
   865 | D:2      | Found a transporter.
   874 | D:2      | Found a glowing golden altar of the Shining One.
   894 | D:2      | Found a transporter.
   948 | D:2      | Reached skill level 1 in Dodging
   996 | D:1      | You fall into a shaft and drop 1 floor!
  1000 | D:2      | Mangled by a gnoll

Levels and vault maps discovered:
D:1:      grunt_arrival_crossed_arrows, layout_loops_ring,
          hangedman_feature_mirror
D:2:      layout_rooms, gammafunk_temple_overflow_arena, uniq_sigmund
D:3:      layout_rooms, overflow_temple_1_default

Skill      XL: |  1  2  3 |
---------------+----------+-----
Polearms       | 2 |  2.9
Armour         | 2 |  2.1
Dodging        | 1 |  1.0
Fighting       | |  3.5
Stealth        | |  0.2
Invocations    | |  2.6

Action                   || total
-------------------------++-------
Melee: Spear             ||   107
  Use: Potion            ||     1
 Stab: Sleeping          ||     1
Armor: Leather armour    ||    39
Dodge: Dodged            ||    56

Table legend:
 A = Non-vault XP
 B = Vault XP
 C = Vault XP percentage of total XP
 D = Non-vault monster count
 E = Vault monster count
 F = Vault count percentage of total count
                 A         B        C        D         E       F
            +---------+---------+-------+---------+---------+-------
      Total |      78 |       5 |   6.0 |      32 |       2 |   5.9
            +---------+---------+-------+---------+---------+-------
        D:1 |      41 |       5 |  10.9 |      26 |       2 |   7.1
        D:2 |      37 |       0 |   0.0 |       6 |       0 |   0.0
            +---------+---------+-------+---------+---------+-------
